AoeStats
← NPG Dkastro

Arabia

509765836Analyzed
1v1 RM · 3d ago on Sep 27, 2026· 39m 40s· 2 players
Game mode
Random Map
Map size
Tiny (2 player)
Population
200
Speed
Normal
Resources
Standard
Victory
Conquest
Starting age
Dark Age
Ending age
Imperial Age
RankedLock teamsTeams togetherTeam positionsShared explorationLock speedFull tech treeHidden civsTurbo modeCheats
Victory
Defeat
🇨🇱 Wei · Chile
1823
+10
1683
-10
NPG Dkastro
10:04 Feudal Age
10:38 Double-Bit Axe
10:34 Horse Collar
11:03 Loom
21:02 Fletching
21:57 Wheelbarrow
24:41 Castle Age
23:16 Padded Archer Armor
24:51 Crossbowman
25:27 Bodkin Arrow
28:01 Bow Saw
31:08 Hand Cart
31:57 Leather Archer Armor
35:05 Ballistics
35:15 Elite Skirmisher
36:02 Thumb Ring
39:27 Imperial Age
40:01 Scale Barding Armor
[Not TyRant] Not The Viper
7:46 Loom
10:03 Feudal Age
10:06 Man-at-Arms
12:48 Arson
16:38 Fletching
17:26 Padded Archer Armor
23:30 Castle Age
23:32 Crossbowman
24:08 Bodkin Arrow
23:59 Double-Bit Axe
34:14 Town Watch
35:24 Ballistics
Connection lost

Rejoining the realm…

Still unreachable

The connection could not be restored.

Session expired

The server has moved on; the page needs a fresh start.